 Dungeon Crawl Stone Soup version 0.23.1 (webtiles) character file.

Game seed: 5942641288290244956

9 Borgoz the Skirmisher (level 2, 18/19 HPs)
             Began as a Gargoyle Abyssal Knight on Mar 6, 2019.
             Was a Follower of Lugonu.
             Quit the game on level 1 of the Dungeon.
             The game lasted 00:01:15 (384 turns).

Borgoz the Skirmisher (Gargoyle Abyssal Knight)      Turns: 384, Time: 00:01:15

Health: 18/19      AC:  6    Str: 15      XL:     2   Next: 16%
Magic:  3/3        EV: 11    Int: 11 (12) God:    Lugonu [*.....]
Gold:   33         SH:  0    Dex:  9      Spells: 1/1 levels left

rFire    . . .     SeeInvis .   a - +2 mace
rCold    . . .     Gourm    .   (no shield)
rNeg     + . .     Faith    .   b - +0 leather armour
rPois    ∞         Spirit   .   (no helmet)
rElec    +         Reflect  .   (no cloak)
rCorr    .         Harm     .   (no gloves)
MR       .....                  (no boots)
Stlth    +.........             (no amulet)
HPRegen  0.06/turn              (no ring)
MPRegen  0.08/turn              (no ring)

@: no status effects
A: negative energy resistance 1, electricity resistance, unbreathing,
petrification resistance, rot immunity, AC +2
a: Depart the Abyss, Renounce Religion


You were on level 1 of the Dungeon.
You worshipped Lugonu.
Lugonu was aware of your devotion.
You were not hungry.

You visited 1 branch of the dungeon, and saw 1 of its levels.
You visited the Abyss 1 time.

You collected 33 gold pieces.

Inventory:

Hand Weapons
 a - a +2 mace (weapon)
Armour
 b - a +0 leather armour (worn)
Wands
 h - a wand of flame (17)
Potions
 d - a potion of cancellation {unknown}
 e - a potion of invisibility
 i - a potion of heal wounds {unknown}
Miscellaneous
 f - a phantom mirror
Comestibles
 c - 2 rations
 g - a chunk of flesh


   Skills:
 + Level 3.4 Fighting
 + Level 2.1 Maces & Flails
 + Level 2.4 Armour
 + Level 1.0 Dodging
 + Level 0.4 Spellcasting
 - Level 2.0 Invocations


You had one spell level left.
You didn't know any spells.
Your spell library was empty.

Dungeon Overview and Level Annotations

Branches:
Dungeon (1/15)

Altars:


Innate Abilities, Weirdness & Mutations

You are resistant to torment.
Your stone body is resilient. (AC +2)
You are immune to poison.
You resist negative energy. (rN+)
You are resistant to electric shocks. (rElec)
You can survive without breathing.
You are immune to petrification.
You are immune to rotting.


Message History

The kobold shouts!
The kobold throws a stone.
The stone barely misses you.
Things that are here:
a stone; 5 gold pieces The bat hits you.
A hobgoblin comes into view.
Found a dark potion.
You barely miss the bat.
The hobgoblin shouts!
The bat completely misses you.
A ball python comes into view.
The ball python hisses angrily.
The bat closely misses you.
The kobold throws a stone.
The stone hits you but does no damage.
You see here a stone.
You hit the bat.
You kill the bat!
Lugonu accepts your kill.
The kobold throws a stone.
The stone closely misses you.
Are you sure you want to abandon this character and quit the game? (Confirm with "yes".)

... ......#
#..#. ....#..
#
#............
#.#...........
...#S...g.#..
#......K....
#(..#..#....
#)..@.....#.
#(.........!
##.(.....###
#.#######
#######.#
#.......#
#.#######
#.#####
#.....###


You could see a hobgoblin, a ball python and a kobold.

Vanquished Creatures
  An ooze (D:1)
  A giant cockroach (D:1)
  A goblin (D:1)
  A hobgoblin (D:1)
  A bat (D:1)
5 creatures vanquished.

Notes
Turn   | Place    | Note
-------+----------+-------------------------------------------
     0 | Abyss:1  | Borgoz the Gargoyle Abyssal Knight began the quest for the
                  | Orb.
     0 | Abyss:1  | Reached XP level 1. HP: 14/14 MP: 2/2
   157 | Abyss:3  | Noticed a neqoxec
   160 | Abyss:4  | Noticed a draconian
   160 | Abyss:4  | Noticed a red draconian scorcher
   160 | Abyss:4  | Noticed a draconian
   160 | Abyss:4  | Noticed a black draconian annihilator
   161 | D:1      | Escaped the Abyss
   355 | D:1      | Reached * piety under Lugonu
   355 | D:1      | Reached skill level 1 in Dodging
   355 | D:1      | Reached XP level 2. HP: 19/19 MP: 3/3
   384 | D:1      | Quit the game

Skill      XL: |  1 |
---------------+----+-----
Dodging        | 1 |  1.0
Fighting       | |  3.4
Maces & Flails | |  2.1
Armour         | |  2.4
Spellcasting   | |  0.4
Invocations    | |  2.0

Action                   || total
-------------------------++-------
Melee: Mace              ||    11
Invok: Depart the Abyss  ||     1
  Use: Scroll            ||     2
Armor: Leather armour    ||     5
Dodge: Dodged            ||     7
